 Dungeon Crawl Stone Soup version 0.23-a0-396-g5214e5f (webtiles) character file.

204572 MisterFreud the Brawler (level 18, -11/174 HPs)
             Began as a Troll Hunter on Nov 1, 2018.
             Was a High Priest of Ru.
             Killed from afar by a lich (57 damage)
             ... with a crystal spear
             ... on level 3 of the Abyss on Nov 2, 2018.
             The game lasted 02:58:34 (35869 turns).

MisterFreud the Brawler (Troll Hunter)             Turns: 35869, Time: 02:58:35

Health: -11/174    AC: 24    Str: 29      XL:     18   Next: 1%
Magic:  13/13      EV: 12    Int:  3 (7)  God:    Ru [*****.]
Gold:   3230       SH: 15    Dex: 10      Spells: 17/17 levels left

rFire    x . .     SeeInvis .     - Unarmed
rCold    + + .     Gourm    +   x - +0 shield
rNeg     . . .     Faith    .   L - +0 ice dragon scales
rPois    +         Spirit   .   Y - +1 hat
rElec    .         Reflect  +   w - +0 cloak
rCorr    .         Harm     .   (gloves unavailable)
MR       ++...                  (boots unavailable)
Stlth    ..........             K - +4 amulet of reflection
HPRegen  0.79/turn              a - +4 ring of protection
MPRegen  0.13/turn              R - ring of protection from magic

@: about to teleport, drained
A: large, unfitting armour, claws 3, icy blue scales 1, blurry vision 1, fast
metabolism 3, gourmand, low mp 2, poison resistance, regeneration 1, shaggy fur
1, tough skin 2, weak 1, no stealth, inability to use devices, hated by all, no
charms magic, no fire magic, no hexes magic
}: 1/15 runes: gossamer
a: Sacrifice Health, Sacrifice Courage, Sacrifice Words, Reject Sacrifices, Draw
Out Power, Power Leap, Apocalypse, Renounce Religion


You were on level 3 of the Abyss.
You worshipped Ru.
Ru was extremely pleased with you.
You were full.

You visited 7 branches of the dungeon, and saw 30 of its levels.
You visited the Abyss 1 time.
You also visited: Bailey and Ice Cave.

You collected 3269 gold pieces.
You spent 39 gold pieces at shops.

Inventory:

Missiles
 c - 46 large rocks (quivered)
 d - 9 throwing nets
 n - 965 stones
 r - 29 tomahawks
 u - 3 javelins of penetration
 J - 3 exploding tomahawks
 N - 3 javelins
 Z - 6 poisoned tomahawks
Armour
 w - a +0 cloak (worn)
 x - a +0 shield (worn)
 L - +0 ice dragon scales (worn)
 M - a +2 robe of magic resistance
 Y - a +1 hat (worn)
Jewellery
 a - a +4 ring of protection (left claw)
 b - a +5 ring of dexterity
 i - an uncursed ring of poison resistance
 m - an uncursed ring of positive energy
 B - an uncursed amulet of the acrobat
 E - an uncursed ring of protection from cold
 G - a +4 ring of protection
 K - a +4 amulet of reflection (around neck)
 Q - a +4 ring of evasion
 R - a ring of protection from magic (right claw)
 V - an uncursed ring of ice
 W - a +4 ring of intelligence
Scrolls
 g - 7 scrolls of teleportation
 l - 6 scrolls of enchant weapon
 s - 5 scrolls of magic mapping
 v - 5 scrolls of fear
 y - 3 scrolls of blinking
 D - 3 scrolls of enchant armour
 H - 6 scrolls of fog
 O - 3 scrolls of identify
 P - a scroll of silence
 S - a scroll of brand weapon
 T - 10 scrolls of remove curse
 X - a scroll of holy word
Potions
 e - 3 potions of agility
 h - 4 potions of resistance
 j - 6 potions of ambrosia
 k - 5 potions of flight
 o - 2 potions of invisibility
 p - 3 potions of cancellation
 q - 8 potions of curing
 t - 5 potions of haste
 z - 3 potions of mutation
 A - a potion of berserk rage
 F - 2 potions of magic
 I - a potion of might
 U - 5 potions of lignification
Comestibles
 f - 54 rations


   Skills:
 - Level 10.0(9.6) Fighting
 - Level 12.3(11.9) Throwing
 - Level 10.0(9.6) Armour
 - Level 10.1(9.7) Dodging
 - Level 9.0(8.6) Shields
 + Level 19.1(18.6) Unarmed Combat


You had 17 spell levels left.
You didn't know any spells.
Your spell library contained the following spells:

 Spells                   Type           Power        Failure   Level  Hunger
 Apportation              Tloc           #.....       80%         1    ##.....
 Beastly Appendage        Tmut           #.....       80%         1    ##.....
 Blink                    Tloc           N/A          91%         2    ###....
 Sticks to Snakes         Tmut           #.......     91%         2    ###....
 Gell's Gravitas          Tloc           #.........   99%         3    ####...
 Lesser Beckoning         Tloc           #.........   99%         3    ####...
 Spider Form              Tmut/Pois      #.........   99%         3    ####...
 Teleport Other           Tloc           #.......     99%         3    ####...
 Ice Form                 Ice/Tmut       #.......     100%        4    #####..
 Passage of Golubria      Tloc           N/A          100%        4    #####..
 Aura of Abjuration       Summ           #.........   100%        5    ######.
 Blade Hands              Tmut           #.........   100%        5    ######.
 Animate Skeleton         Necr           Unusable     N/A         1    N/A
 Confusing Touch          Hex            Unusable     N/A         1    N/A
 Corona                   Hex            Unusable     N/A         1    N/A
 Summon Small Mammal      Summ           Unusable     N/A         1    N/A
 Call Imp                 Summ           Unusable     N/A         2    N/A
 Ensorcelled Hibernation  Hex/Ice        Unusable     N/A         2    N/A
 Shroud of Golubria       Chrm/Tloc      Unusable     N/A         2    N/A
 Call Canine Familiar     Summ           Unusable     N/A         3    N/A
 Confuse                  Hex            Unusable     N/A         3    N/A
 Dazzling Spray           Conj/Hex       Unusable     N/A         3    N/A
 Recall                   Summ/Tloc      Unusable     N/A         3    N/A
 Summon Guardian Golem    Hex/Summ       Unusable     N/A         3    N/A
 Tukima's Dance           Hex            Unusable     N/A         3    N/A
 Summon Ice Beast         Ice/Summ       Unusable     N/A         4    N/A
 Summon Lightning Spire   Summ/Air       Unusable     N/A         4    N/A
 Summon Demon             Summ           Unusable     N/A         5    N/A
 Summon Forest            Summ/Tloc      Unusable     N/A         5    N/A
 Summon Mana Viper        Hex/Summ       Unusable     N/A         5    N/A
 Shadow Creatures         Summ           Unusable     N/A         6    N/A

Dungeon Overview and Level Annotations

Branches:
Dungeon (15/15)            Temple (1/1) D:4            Lair (6/6) D:10
 Shoals (1/4) Lair:2       Spider (4/4) Lair:3          Orc (2/2) D:10
    Elf (0/3) Orc:2        Vaults (1/5) D:14         Depths (0/5) D:15
  Slime: Lair:5-6

Altars:
Ashenzari
Cheibriados
Dithmenos
Elyvilon
Fedhas
Gozag
Hepliaklqana
Kikubaaqudgha
Makhleb
Nemelex Xobeh
Okawaru
Qazlal
Ru
Sif Muna
Trog
Uskayaw
Vehumet
Wu Jian
Xom
Yredelemnul
Zin
The Shining One
Beogh

Shops:
D:7 }   D:9 %   Orc:2 [(*

Annotations:
Lair:2 1 runed door, Tomeheu's ghost, journeyman DECj
Lair:3 exclusion: oklob plant
Lair:6 exclusion: 3 oklob plants
Shoals:1 Louise
Abyss:3 2 runed doors


Innate Abilities, Weirdness & Mutations

You are too large for most types of armour.
You have claws for hands.
Your metabolism is lightning-fast.
You like to eat raw meat.
Your magical capacity is very low. (-20% MP)
Your natural rate of healing is unusually fast.
You are covered in fur. (AC +1)
You have very tough skin. (AC +2)
You cannot be stealthy.
You cannot study or use magical devices.
You are hated by all.
You cannot study or cast Charms magic.
You cannot study or cast Fire magic.
You cannot study or cast Hexes magic.
You are partially covered in icy blue scales. (AC +2)
Scrolls take you a little longer to read.
Your system is resistant to poisons. (rPois)
You are weak. (Str -2)


Message History

The demonic crawler hits you but does no damage.
You begin reading the scroll.
You continue reading the scroll.
You block the demonic crawler's attack. x2
The demonic crawler hits you but does no damage.
As you read the scroll of teleportation, it crumbles to dust.
You feel strangely unstable.
You feel the power of the Abyss delaying your translocation!
You block the demonic crawler's attack. x3
The demonic crawler hits you but does no damage.
The demonic crawler closely misses you.
The demonic crawler hits you but does no damage.
The demonic crawler is stunned by your will and fails to attack.
The demonic crawler hits you!
* * * LOW HITPOINT WARNING * * *
You focus your will and blind the demonic crawler in retribution!
You block the demonic crawler's attack. x2
You see here a fire crab corpse.
The lich points at you and mumbles some strange words.
The crystal spear hits you!
You die...

. .# .
###.### #
..#.. # ##
###§#.# .
#.###§§#.
.#.... #
.###§#@###..
..∩.....†s##
≈≈≈≈≈≈###L#.#
≈≈≈≈≈≈≈ #x#.#
≈≈≈≈≈ ##.§##
..≈X≈.
#..§§## .≈≈≈
#...#.# #
.≈≈≈ #..#§#.
.X. # .≈ ≈ #
...#.. # ..#


You could see a kraken, a lich, a demonic crawler (blind) and a small
abomination.

Vanquished Creatures
  Arachne (Spider:2)
  Frances (Spider:1)
  A tentacled starspawn (Abyss:3)
  Roxanne (Shoals:1)
  A tengu reaver (D:13)
  3 ghost moths (Spider:4)
  A frost giant (D:13)
  2 vault wardens (Vaults:1)
  7 emperor scorpions (Spider:4)
  3 ironheart preservers (Vaults:1)
  3 entropy weavers
  Snorg (D:14)
  A fire dragon (D:15)
  A merfolk impaler (Shoals:1)
  A great orb of eyes (D:13)
  Josephine (Orc:1)
  3 ogre magi
  5 ice dragons
  6 hydras
  A ghost crab (Abyss:3)
  A centaur warrior (Vaults:1)
  15 two-headed ogres
  7 dancing weapons
  A catoblepas (Lair:4)
  A deep troll shaman (Vaults:1)
  3 tengu warriors
  6 death yaks
  3 orc high priests (Orc:2)
  A deep elf knight (D:13)
  4 thrashing horrors (Abyss:3)
  A wretched star (Abyss:3)
  3 sea snakes (Shoals:1)
  4 unseen horrors
  A fire crab (Abyss:3)
  A shadow wraith (Vaults:1)
  3 deep trolls (Vaults:1)
  A wizard (D:14)
  4 ironbrand convokers (Vaults:1)
  2 lindwurms (Lair:6)
  Pikel (D:7)
  8 orc knights
  30 wolf spiders
  3 necromancers
  A deep elf mage (D:15)
  11 ugly things
  12 orb spiders
  4 orc sorcerers
  5 fauns (Shoals:1)
  11 cyclopes
  2 manticores
  13 elephants
  2 merfolk sirens (Shoals:1)
  Maurice (Orc:2)
  An apocalypse crab (Abyss:3)
  5 torpor snails (Lair:6)
  A rust devil (Abyss:3)
  3 ice statues (IceCv)
  3 gargoyles
  6 black mambas
  A komodo dragon (shapeshifter) (Vaults:1)
  3 spiny frogs
  14 demonic crawlers
  2 efreet
  2 kobold demonologists
  9 ice devils (IceCv)
  7 komodo dragons
  7 rime drakes
  A meliai (shapeshifter) (Vaults:1)
  2 tengu conjurers
  3 tyrant leeches (Lair:6)
  3 ancient zymes (Abyss:3)
  15 hornets
  26 jumping spiders
  8 trolls
  A merfolk (Shoals:1)
  A queen bee (D:12)
  3 polar bears
  A harpy skeleton (D:15)
  7 large abominations (Abyss:3)
  A wind drake (Shoals:1)
  Grinder (D:3)
  A raiju (Abyss:3)
  A snapping turtle (Shoals:1)
  8 dream sheep
  19 hippogriffs
  A raiju (shapeshifter) (Vaults:1)
  13 blink frogs
  11 slime creatures
  2 shadows
  33 yaks
  24 tarantellas
  A vampire (D:14)
  71 redbacks
  9 wyverns
  4 small abominations (Abyss:3)
  5 wraiths
  A wyvern (shapeshifter) (D:15)
  6 basilisks
  2 neqoxecs (Abyss:3)
  A hungry ghost (D:12)
  A steam dragon (Lair:3)
  Edmund (D:4)
  4 vampire mosquitoes (D:14)
  A chaos spawn (Abyss:3)
  5 wargs
  2 acid dragons (Vaults:1)
  7 water moccasins
  9 porcupines
  An ice beast (D:9)
  21 orc warriors
  2 sky beasts
  4 phantoms
  A black bear (D:8)
  A necrophage (D:10)
  A boggart (D:13)
  20 centaurs
  18 ogres
  2 wolves (D:10)
  5 crocodiles
  A big kobold (D:14)
  26 bullfrogs
  4 gnoll sergeants (D:10)
  An earth elemental (Abyss:3)
  A wyvern zombie (D:12)
  5 scorpions
  24 killer bees
  4 wights (D:14)
  2 howler monkeys (D:10)
  3 electric eels
  A bullfrog zombie (D:7)
  2 bullfrog skeletons
  11 crimson imps
  A draconian simulacrum (IceCv)
  A quasit (D:12)
  8 starcursed masses (Abyss:3)
  3 centaur zombies
  2 gnoll shamans (D:10)
  13 orc priests
  14 hounds
  19 orc wizards
  8 centaur skeletons
  8 iguanas
  2 hell rats (Lair:3)
  8 worker ants
  4 troll simulacra (IceCv)
  2 centaur simulacra
  A hound zombie (D:10)
  A hound skeleton (D:10)
  A worker ant zombie (D:11)
  A howler monkey skeleton (D:7)
  31 gnolls
  5 river rats (Lair:3)
  14 adders
  3 naga simulacra (IceCv)
  An ogre simulacrum (IceCv)
  8 shadow imps
  3 adder skeletons
  5 worms
  3 dart slugs (D:1)
  5 leopard geckos
  64 orcs
  5 giant cockroaches
  15 goblins
  7 hobgoblins
  23 jackals
  8 quokkas
  A ball python (D:3)
  5 bats
  3 frilled lizards
  21 kobolds
  A leopard gecko zombie (D:7)
  A quokka skeleton (D:6)
  2 quokka zombies
  8 rats
  A spectral orc (D:8)
  A fungus (Spider:4)
  A starspawn tentacle (Abyss:3)
  2 tentacles (Abyss:3)
1095 creatures vanquished.

Vanquished Creatures (others)
  A fire giant (D:13)
  A centaur warrior (Vaults:1)
  A spiny frog (Lair:4)
  A yaktaur (Vaults:1)
  3 jumping spiders
  An air elemental (Abyss:3)
  2 redbacks (Spider:4)
  2 tarantellas
  A white imp (Abyss:3)
  A kobold (Bailey)
  A bush (Lair:5)
  7 fungi
  17 plants
  A starspawn tentacle (Abyss:3)
  7 tentacles (Abyss:3)
47 creatures vanquished.

Grand Total: 1142 creatures vanquished

Notes
Turn   | Place    | Note
-------+----------+-------------------------------------------
     0 | D:1      | MisterFreud the Troll Hunter began the quest for the Orb.
     0 | D:1      | Reached XP level 1. HP: 19/19 MP: 0/0
    15 | D:1      | Reached skill level 1 in Unarmed Combat
    59 | D:1      | Reached XP level 2. HP: 22/27 MP: 1/1
   176 | D:1      | Reached skill level 2 in Unarmed Combat
   755 | D:1      | Reached XP level 3. HP: 27/33 MP: 2/2
   984 | D:2      | Found a stormy altar of Qazlal.
  1010 | D:2      | Reached skill level 3 in Unarmed Combat
  1094 | D:2      | Found a hide-covered altar of Uskayaw.
  1348 | D:2      | Reached XP level 4. HP: 39/41 MP: 3/3
  1490 | D:2      | Reached skill level 4 in Unarmed Combat
  2130 | D:3      | Noticed Grinder
  2131 | D:3      | Paralysed by Grinder for 2 turns
  2147 | D:3      | Killed Grinder
  2147 | D:3      | Reached skill level 6 in Unarmed Combat
  2147 | D:3      | Reached XP level 5. HP: 28/48 MP: 4/4
  2147 | D:3      | Reached XP level 6. HP: 32/55 MP: 5/5
  2583 | D:4      | Found an ancient bone altar of Kikubaaqudgha.
  2607 | D:4      | Found a staircase to the Ecumenical Temple.
  2613 | Temple   | Entered the Ecumenical Temple
  3175 | D:4      | Noticed Edmund
  3188 | D:4      | Killed Edmund
  3188 | D:4      | Reached skill level 7 in Unarmed Combat
  3188 | D:4      | Reached XP level 7. HP: 22/62 MP: 6/6
  3343 | D:4      | Found a sacrificial altar of Ru.
  3349 | D:4      | Reached skill level 8 in Unarmed Combat
  3350 | D:4      | Became a worshipper of Ru the Awakened
  3433 | D:4      | Reached skill level 5 in Throwing
  3466 | D:4      | Found a burning altar of Makhleb.
  3466 | D:4      | Found a shimmering altar of Xom.
  3623 | D:5      | Entered Level 5 of the Dungeon
  3741 | D:5      | Reached XP level 8. HP: 49/70 MP: 7/7
  4320 | D:5      | Gained mutation: Your magical capacity is low. (-10% MP)
                  | [Ru sacrifice]
  4466 | D:6      | Found a white marble altar of Elyvilon.
  4596 | D:6      | Found a radiant altar of Vehumet.
  5196 | D:6      | Reached XP level 9. HP: 66/83 MP: 7/7
  5357 | D:7      | Found Adocupau's Gadget Shop.
  5497 | D:7      | HP: 3/85 [killer bee (9)]
  5710 | D:7      | Reached skill level 5 in Fighting
  5837 | D:7      | Noticed Pikel
  5848 | D:7      | Killed Pikel
  6137 | D:8      | Gained mutation: You are hated by all. [Ru sacrifice]
  6137 | D:8      | Reached * piety under Ru
  6137 | D:8      | Reached ** piety under Ru
  6465 | D:8      | Found a basalt altar of Yredelemnul.
  6569 | D:8      | Found a shattered altar of Ashenzari.
  6972 | D:9      | Reached XP level 10. HP: 63/104 MP: 8/8
  7048 | D:9      | Found Suig Qos's Food Emporium.
  7205 | D:9      | Found a sparkling altar of Nemelex Xobeh.
  7404 | D:10     | Entered Level 10 of the Dungeon
  7559 | D:10     | Found a staircase to the Orcish Mines.
  7723 | D:10     | Found a staircase to the Lair.
  7729 | D:10     | Noticed a two-headed ogre
  7754 | D:10     | Killed a two-headed ogre
  7754 | D:10     | Reached skill level 9 in Unarmed Combat
  7894 | D:10     | Reached skill level 1 in Evocations
  7990 | D:10     | Noticed a six-headed hydra
  8136 | D:10     | Reached skill level 5 in Dodging
  8529 | D:10     | Reached XP level 11. HP: 108/111 MP: 10/10
  8718 | D:10     | Killed a six-headed hydra
  9095 | Lair:1   | Entered Level 1 of the Lair of Beasts
  9574 | Lair:1   | Found a dark tunnel.
 10224 | Lair:2   | Found a staircase to the Shoals.
 10280 | Lair:2   | Found a runed door.
 10280 | Lair:2   | Found a shimmering altar of Xom.
 10280 | Lair:2   | Noticed a glowing war axe
 10280 | Lair:2   | Noticed Tomeheu's ghost (journeyman DECj)
 11119 | Lair:3   | Reached skill level 5 in Evocations
 11226 | Lair:3   | Noticed an oklob plant
 11465 | Lair:3   | Gained mutation: You cannot be stealthy. [Ru sacrifice]
 11502 | Lair:3   | Noticed a wolf spider
 11503 | Lair:3   | Found a hole to the Spider Nest.
 11727 | Lair:3   | Killed a wolf spider
 11727 | Lair:3   | Reached skill level 10 in Unarmed Combat
 11893 | Lair:4   | Reached XP level 12. HP: 111/120 MP: 13/13
 12134 | Lair:4   | Noticed a six-headed hydra
 12143 | Lair:4   | Killed a six-headed hydra
 12505 | Lair:4   | Noticed a five-headed hydra
 12513 | Lair:4   | Killed a five-headed hydra
 12561 | Lair:4   | Noticed a catoblepas
 12580 | Lair:4   | Killed a catoblepas
 12738 | Lair:4   | Reached skill level 11 in Unarmed Combat
 13075 | Lair:4   | Noticed an eight-headed hydra
 13147 | Lair:4   | Killed an eight-headed hydra
 13642 | Lair:5   | Reached XP level 13. HP: 124/132 MP: 14/14
 13888 | Lair:5   | Gained mutation: Your magical capacity is very low. (-20%
                  | MP) [Ru sacrifice]
 13888 | Lair:5   | Reached *** piety under Ru
 14122 | Lair:5   | Upgraded the game from 0.23-a0-395-gcf17ac6 to
                  | 0.23-a0-396-g5214e5f
 14300 | Lair:5   | Reached skill level 12 in Unarmed Combat
 14343 | Lair:4   | Reached skill level 10 in Fighting
 14449 | Lair:5   | Reached skill level 10 in Dodging
 14595 | Lair:6   | Entered Level 6 of the Lair of Beasts
 14855 | Lair:6   | Reached skill level 13 in Unarmed Combat
 15296 | Lair:6   | Reached skill level 14 in Unarmed Combat
 15638 | Lair:6   | Found a runed door.
 15861 | Lair:6   | Paralysed by a hornet for 2 turns
 16371 | Lair:6   | Paralysed by a hornet for 2 turns
 16630 | Lair:6   | Reached XP level 14. HP: 114/143 MP: 13/13
 16873 | D:11     | Found a flagged portal.
 16884 | Bailey   | Entered a bailey
 16968 | Bailey   | Found a burning altar of Makhleb.
 17137 | D:11     | Found a frozen archway.
 17149 | IceCv    | Entered an ice cave
 17206 | IceCv    | Reached skill level 15 in Unarmed Combat
 17466 | IceCv    | Found the +3 Elemental Staff {rElec rF++ rC++ MR++ AC+5}
 18943 | D:12     | Reached skill level 16 in Unarmed Combat
 19549 | D:13     | Noticed a frost giant
 19568 | D:13     | Killed a frost giant
 19680 | D:13     | Reached skill level 10 in Throwing
 19701 | D:13     | Noticed a tengu reaver
 19800 | Orc:1    | Entered Level 1 of the Orcish Mines
 20139 | Orc:2    | Entered Level 2 of the Orcish Mines
 20139 | Orc:2    | Found a staircase to the Elven Halls.
 20139 | Orc:2    | Noticed Maurice
 20154 | Orc:2    | Killed Maurice
 20616 | Orc:1    | Noticed Josephine
 20631 | Orc:1    | Killed Josephine
 20776 | Orc:1    | Gained mutation: You cannot study or use magical devices.
                  | [Ru sacrifice]
 20776 | Orc:1    | Reached **** piety under Ru
 20776 | Orc:1    | Reached ***** piety under Ru
 21006 | Orc:1    | Found a burning altar of Makhleb.
 21145 | Orc:2    | Found a roughly hewn altar of Beogh.
 21589 | Orc:2    | Paralysed by an orc sorcerer for 7 turns
 21997 | Orc:2    | Reached XP level 15. HP: 124/149 MP: 11/11
 22048 | Orc:2    | Found Sasatozi's General Store.
 22048 | Orc:2    | Found Imniblan's Jewellery Emporium.
 22111 | Orc:2    | Found Kaodd's Antique Weapon Shop.
 22111 | Orc:2    | Found Gucuz's Armour Emporium.
 22117 | Orc:2    | Bought a scroll of teleportation for 39 gold pieces
 22334 | Spider:1 | Entered Level 1 of the Spider Nest
 22832 | Spider:1 | Noticed Frances
 22841 | Spider:1 | Killed Frances
 23262 | D:13     | Reached skill level 1 in Shields
 23301 | D:13     | Noticed a fire giant
 23903 | D:13     | Killed a fire giant
 24104 | D:13     | Killed a tengu reaver
 24294 | D:13     | Reached skill level 5 in Shields
 24336 | D:13     | Gained mutation: You cannot study or cast Fire magic. [Ru
                  | sacrifice]
 24336 | D:13     | Gained mutation: You cannot study or cast Hexes magic. [Ru
                  | sacrifice]
 24336 | D:13     | Gained mutation: You cannot study or cast Charms magic. [Ru
                  | sacrifice]
 25467 | D:14     | Noticed Snorg
 25488 | D:14     | Killed Snorg
 25956 | D:15     | Entered Level 15 of the Dungeon
 26116 | D:14     | Found a gate to the Vaults.
 26301 | D:15     | Found a shadowy altar of Dithmenos.
 26947 | D:15     | Reached XP level 16. HP: 111/158 MP: 11/11
 27132 | D:15     | Found a staircase to the Depths.
 27292 | D:15     | Reached skill level 1 in Armour
 28241 | Spider:2 | Noticed Arachne
 28262 | Spider:2 | Killed Arachne
 28483 | Spider:2 | Found a runed door.
 28713 | Spider:2 | Reached skill level 5 in Armour
 30634 | Spider:4 | Entered Level 4 of the Spider Nest
 31853 | Spider:4 | Reached XP level 17. HP: 166/166 MP: 12/12
 31887 | Spider:4 | Reached skill level 10 in Armour
 32646 | Spider:4 | Reached skill level 17 in Unarmed Combat
 32708 | Spider:4 | Got a gossamer rune of Zot
 33066 | Vaults:1 | Entered Level 1 of the Vaults
 34165 | Vaults:1 | Reached skill level 18 in Unarmed Combat
 34201 | Vaults:1 | HP: 7/166 [vault warden/+0 great sword (38)]
 34779 | Shoals:1 | Entered Level 1 of the Shoals
 35056 | Shoals:1 | Identified Roxanne's Volume of Transmigration
 35056 | Shoals:1 | Noticed Roxanne
 35071 | Shoals:1 | Killed Roxanne
 35311 | Shoals:1 | Noticed Louise
 35335 | Shoals:1 | Cast into level 3 of the Abyss (Louise)
 35380 | Abyss:3  | Gained mutation: You tend to lose your temper in combat. [a
                  | neqoxec]
 35456 | Abyss:3  | Found a huge runed gate.
 35457 | Abyss:3  | Found a huge runed gate.
 35642 | Abyss:3  | Gained mutation: Your body often deteriorates upon taking
                  | damage. [a neqoxec]
 35682 | Abyss:3  | Lost mutation: You tend to lose your temper in combat.
                  | [potion of mutation]
 35682 | Abyss:3  | Lost mutation: Your body sometimes deteriorates upon taking
                  | damage. [potion of mutation]
 35682 | Abyss:3  | Gained mutation: You are weak. (Str -2) [potion of
                  | mutation]
 35682 | Abyss:3  | Gained mutation: Scrolls take you a little longer to read.
                  | [potion of mutation]
 35682 | Abyss:3  | Gained mutation: You are partially covered in icy blue
                  | scales. (AC +2) [potion of mutation]
 35682 | Abyss:3  | Gained mutation: Your system is resistant to poisons.
                  | (rPois) [potion of mutation]
 35705 | Abyss:3  | Noticed a kraken
 35792 | Abyss:3  | Reached skill level 19 in Unarmed Combat
 35837 | Abyss:3  | Reached XP level 18. HP: 59/174 MP: 13/13
 35856 | Abyss:3  | Noticed a lich
 35869 | Abyss:3  | Killed from afar by a lich

Vault maps used:
D:1:      matt_arrival_grand_opening
D:2:      nicolae_overflow_crystal_walls, first_ration,
          nicolae_qazlal_general_emergency
D:3:      uniq_grinder
D:4:      grunt_temple_overflow_champion_of_chaos, kiku_gazebo_garden_becter,
          nicolae_ru_awakened_eye, temple_fountains, uniq_edmund
D:6:      old_standard_altar, elyvilon_altar_3, st_stairs_2
D:7:      kennysheep_windowed_goal, uniq_pikel
D:8:      overflow_temple_1_default, yredelemnul_forgotten_temple_becter
D:9:      lemuel_round_altar, serial_shops, nicolae_shop_crystal
D:10:     lair_entry_dummy, orc_0_dummy, serial_gnoll_camp,
          gnoll_camp_medium_02, gnoll_camp_mini_house, gnoll_camp_mini_doghouse,
          gnoll_camp_huts_moat
D:11:     portal_ice_cave_rime, enter_bailey_3
D:12:     david_nohive_1, kennysheep_small_square
D:13:     minmay_bad_star
D:14:     david_vaults_4, chequers_serial_rivers_room_b, uniq_snorg
D:15:     grunt_enter_depths_hoard, grunt_dithmenos_smoke_and_mirrors,
          nrook_loot_triangle, minmay_misc_feat_room, minmay_misc_feat_hallway
Temple:   minmay_temple_forest_path
Lair:1:   nicolae_volcano_entry_hallway
Lair:2:   minmay_shoals_entry_beasts, ebering_ghost_xom
Lair:3:   spider_nest_entry_funnel_web, st_stairs_4, minmay_lair_oklob_bushes,
          chequers_serial_rivers_small_b, kennysheep_rathole
Lair:4:   grunt_megastairs_3
Lair:6:   wormcave, minmay_slime_entry_oklob_open, grunt_megastairs_5
Shoals:1: yaktaur_hedge, uniq_louise, uniq_roxanne
Spider:1: uniq_frances
Spider:2: cheibrodos_spider_deadly_dance, spider_trap, guppyfry_spider_mini_3,
          uniq_arachne
Spider:3: nicolae_spider_cling_halls
Spider:4: guppyfry_spider_rune, spiders_nest_spider_trap
Orc:1:    bloody_makhleb, uniq_josephine
Orc:2:    grunt_orc_tribal_feast, basic_altar, uniq_maurice
Vaults:1: vaults_room_grunt_arrival_ludios, nicolae_vaults_little_ls,
          ontoclasm_vaults_ring_large, ontoclasm_vaults_spin, vaults_room_pool,
          v_misc_16, vaults_mumra_minichess_inversion,
          nicolae_vaults_diagonal_hallway_8, nicolae_vaults_sealed_display,
          nicolae_vaults_mini_display_case, hangedman_vaults_river_flow,
          nicolae_vaults_specimen_jars, serial_shops, shop
Abyss:3:  minivault_25, hangedman_steaming_rock,
          gammafunk_abyss_rune_reverse_zot
Bailey:   bailey_axe_3, bailey
IceCv:    ice_cave_tombish

Skill      XL: |  1  2  3  4  5  6  7  8  9 10 11 12 13 14 15 16 17 |
---------------+----------------------------------------------------+-----
Unarmed Combat | 1 2 3 6 7 8 9 10 11 14 16 19 | 19.1
Throwing       | 5 8 11 12 | 12.3
Fighting       | 3 7 8 9 10 | 10.0
Dodging        | 5 8 9 10 | 10.1
Evocations     | 2 5 0 |  0.0
Shields        | 9 |  9.0
Armour         | 9 10 | 10.0

Action                   |  1- 3 |  4- 6 |  7- 9 | 10-12 | 13-15 | 16-18 || total
-------------------------+-------+-------+-------+-------+-------+-------++-------
Melee: Unarmed           |   116 |   110 |   390 |   680 |  1462 |  1262 ||  4020
       Punch             |     1 |     1 |    11 |    26 |   104 |       ||   143
Throw: Large rock        |       |     3 |     3 |    37 |    57 |    44 ||   144
       Throwing net      |       |       |       |    10 |     3 |       ||    13
       Javelin           |       |       |       |     1 |       |     1 ||     2
Invok: Sacrifice Essence |       |       |     1 |       |     1 |       ||     2
       Sacrifice Love    |       |       |     1 |       |       |       ||     1
       Reject Sacrifices |       |       |       |     1 |     1 |       ||     2
       Sacrifice Stealth |       |       |       |     1 |       |       ||     1
       Apocalypse        |       |       |       |       |     1 |       ||     1
       Sacrifice Artific |       |       |       |       |     1 |       ||     1
       Draw Out Power    |       |       |       |       |     1 |       ||     1
       Sacrifice Arcana  |       |       |       |       |     1 |       ||     1
Evoke: Wand              |       |       |       |     8 |     1 |       ||     9
  Use: Scroll            |       |    10 |     3 |    16 |    12 |     7 ||    48
       Potion            |       |       |     2 |     1 |     6 |     4 ||    13
 Stab: Sleeping          |     2 |       |       |       |       |       ||     2
       Distracted        |       |       |       |     3 |     4 |     7 ||    14
       Invisible         |       |       |       |     3 |     7 |     8 ||    18
       Petrified         |       |       |       |     3 |       |       ||     3
       Paralysed         |       |       |       |       |     3 |       ||     3
  Eat: Chunk             |    18 |    17 |    34 |    60 |   109 |    68 ||   306
       Ration            |       |       |       |       |     4 |     3 ||     7
Armor: Robe              |    26 |    28 |   100 |    94 |   156 |     1 ||   405
       Steam dragon scal |       |       |       |    57 |   150 |       ||   207
       Ice dragon scales |       |       |       |       |       |   476 ||   476
Dodge: Dodged            |    50 |    38 |   197 |   481 |   925 |   442 ||  2133
Block: Other             |       |       |       |       |    56 |       ||    56
       Reflection        |       |       |       |       |    14 |     6 ||    20
       Shield            |       |       |       |       |       |   753 ||   753

Table legend:
 A = Non-vault XP
 B = Vault XP
 C = Vault XP percentage of total XP
 D = Non-vault monster count
 E = Vault monster count
 F = Vault count percentage of total count
                 A         B        C        D         E       F
            +---------+---------+-------+---------+---------+-------
      Total |  166180 |  125252 |  43.0 |     752 |     349 |  31.7
            +---------+---------+-------+---------+---------+-------
        D:1 |      49 |       0 |   0.0 |      25 |       0 |   0.0
        D:2 |      75 |       0 |   0.0 |      26 |       0 |   0.0
        D:3 |      27 |     272 |  91.0 |      13 |       1 |   7.1
        D:4 |     716 |     224 |  23.8 |      29 |       2 |   6.5
        D:5 |     335 |       0 |   0.0 |      18 |       0 |   0.0
        D:6 |    1226 |      54 |   4.2 |      31 |       3 |   8.8
        D:7 |     939 |     678 |  41.9 |      21 |       4 |  16.0
        D:8 |     562 |       1 |   0.2 |      15 |       1 |   6.2
        D:9 |     932 |      14 |   1.5 |       9 |       1 |  10.0
       D:10 |    5054 |    1309 |  20.6 |      40 |      48 |  54.5
       D:11 |    3706 |     766 |  17.1 |      20 |       6 |  23.1
       D:12 |    8010 |    1805 |  18.4 |      34 |      21 |  38.2
       D:13 |    8487 |   12527 |  59.6 |      29 |      14 |  32.6
       D:14 |   13313 |    3397 |  20.3 |      51 |       5 |   8.9
       D:15 |   14494 |    2131 |  12.8 |      43 |       2 |   4.4
     Lair:1 |    2257 |       0 |   0.0 |      11 |       0 |   0.0
     Lair:2 |    2143 |     807 |  27.4 |      11 |       2 |  15.4
     Lair:3 |    3318 |    1549 |  31.8 |      13 |      14 |  51.9
     Lair:4 |    8680 |    7893 |  47.6 |      24 |      27 |  52.9
     Lair:5 |    8379 |     327 |   3.8 |      24 |       1 |   4.0
     Lair:6 |    9646 |    8297 |  46.2 |      32 |      20 |  38.5
   Shoals:1 |    9355 |    2073 |  18.1 |      18 |       1 |   5.3
   Spider:1 |    8607 |    4818 |  35.9 |      29 |       6 |  17.1
   Spider:2 |   11454 |   11558 |  50.2 |      34 |      22 |  39.3
   Spider:3 |    8917 |       0 |   0.0 |      30 |       0 |   0.0
   Spider:4 |   11179 |   31119 |  73.6 |      33 |      51 |  60.7
      Orc:1 |    1938 |    1686 |  46.5 |      24 |       4 |  14.3
      Orc:2 |    1375 |    8221 |  85.7 |      12 |      31 |  72.1
   Vaults:1 |    8275 |   16762 |  66.9 |      15 |      26 |  63.4
    Abyss:3 |   12732 |    1411 |  10.0 |      38 |       2 |   5.0
     Bailey |       0 |     416 | 100.0 |       0 |      11 | 100.0
      IceCv |       0 |    5137 | 100.0 |       0 |      23 | 100.0
            +---------+---------+-------+---------+---------+-------
